 Dungeon Crawl Stone Soup version 0.10-a0-357-g613469b character file.

249665 escape the Slayer (level 20, -56/198 HPs)
             Began as a Minotaur Fighter on Aug 29, 2011.
             Was the Champion of Okawaru.
             Killed from afar by a deep elf annihilator (59 damage)
             ... with a crystal spear
             ... on Level 5 of the Elven Halls on Aug 30, 2011.
             The game lasted 07:00:30 (56804 turns).

escape the Slayer (Minotaur Fighter)               Turns: 56804, Time: 07:00:30

HP -56/198       AC 20     Str 29      XL: 20   Next: 21%
MP  11/11        EV  5     Int  7      God: Okawaru [******]
Gold 3908        SH 50     Dex 15      Spells:  0 memorised, 21 levels left

Res.Fire  : . . .   See Invis. : +   a - +7,+4 double sword (holy) {god gift}
Res.Cold  : + . .   Warding    : . . K - +1 plate mail {MR}
Life Prot.: . . .   Conserve   : .   j - +0 large shield {rflct} {god gift}
Res.Acid. : . . .   Res.Corr.  : .   W - +3 crown of Dyrovepreva {Hunger rElec Int+
Res.Poison: .       Clarity    : .   u - -1 cloak "Bluthreuf" {rC+ Acc+4}
Res.Elec. : +       Spirit.Shd : .   q - +1 pair of gauntlets {Dex+3}
Sust.Abil.: . .     Stasis     : .   z - +0 pair of elf boots {run} {god gift}
Res.Mut.  : .       Ctrl.Telep.: x   U - amulet of rage
Res.Rott. : .       Levitation : .   i - ring of regeneration
Saprovore : . . .   Ctrl.Flight: .   b - ring of sustenance

@: exhausted, slowed, slow, very resistant to hostile enchantments, extremely
unstealthy
A: horns 2, breathe flames 1, deformed body 1, slow metabolism 1, AC +1, Str -1,
Dex +2
a: Heroism, Finesse, Renounce Religion, Breathe Fire, Evoke Berserk Rage
}: 1/15 runes: silver


You were on level 5 of the Elven Halls.
You worshipped Okawaru.
Okawaru was exalted by your worship.
You were not hungry.

You visited 8 branches of the dungeon, and saw 50 of its levels.
You visited the Abyss 3 times.
You visited 1 Labyrinth.
You visited 2 portal chambers: volcano, wizlab.

You collected 6534 gold pieces.
You spent 2646 gold pieces at shops.

Inventory:

Hand weapons
 a - a +7,+4 double sword of holy wrath (weapon) {god gift}
 c - a +5,+0 sling of velocity {god gift}
 D - the +5,+2 long sword of Kismet {venom, +Rage rN+}
   (You bought it in a shop on level 3 of the Elven Halls)

   It poisons the flesh of those it strikes.
   It protects you from negative energy.
   It lets you go berserk.
Missiles
 f - 27 silver +0 sling bullets
 Q - 70 +0 sling bullets
Armour
 j - a +0 large shield of reflection (worn) {god gift}
 q - a +1 pair of gauntlets of dexterity (worn)
 u - the -1 cloak "Bluthreuf" (worn) {rC+ Acc+4}
   (You found it on level 8 of the Vaults)

   It affects your accuracy (+4).
   It protects you from cold.
 z - a +0 pair of elven boots of running (worn) {god gift}
 K - a +1 plate mail of magic resistance (worn)
 W - the +3 crown of Dyrovepreva (worn) {Hunger rElec Int+2 SInv}
   (You found it in a Labyrinth)

   It affects your intelligence (+2).
   It insulates you from electricity.
   It enhances your eyesight.
   It speeds your metabolism.
Magical devices
 h - a wand of cold (11)
 m - a wand of healing (0)
 r - a wand of fire (3)
 H - a wand of digging (7)
 O - a wand of lightning (5)
 X - a wand of hasting (0)
Comestibles
 v - a bread ration
 x - 19 meat rations
 B - 15 royal jellies
 E - 5 honeycombs
 F - a choko
Scrolls
 o - 3 scrolls of identify
Jewellery
 b - a ring of sustenance (left hand)
 e - an uncursed ring of sustain abilities
 i - a ring of regeneration (right hand)
 k - an uncursed amulet of warding
 n - the ring "Xycwa" {-CAST MR}
   (You found it on level 17 of the Dungeon)

   [ring of protection from magic]

   It prevents spellcasting.
 p - the amulet "Chumieri" {rCorr Str+4 Int+4}
   (You acquired it on level 5 of the Lair of Beasts)

   [amulet of resist corrosion]

   It affects your strength (+4).
   It affects your intelligence (+4).
 t - an uncursed ring of see invisible
 y - an uncursed ring of magical power
 A - an uncursed amulet of resist mutation
 G - an uncursed ring of poison resistance
 M - an uncursed ring of levitation
 N - a cursed ring of life protection
 U - an amulet of rage (around neck)
 V - a +2,+1 ring of slaying
 Z - an uncursed amulet of controlled flight
Potions
 d - a potion of magic
 s - 5 potions of restore abilities
 w - 2 potions of invisibility
 T - 2 potions of might
Books
 g - a book of Minor Magic

   Spells                             Type                      Level
   Magic Dart                         Conjuration                  1
   Blink                              Translocation                2
   Call Imp                           Summoning                    2
   Repel Missiles                     Charms/Air                   2
   Slow                               Hexes                        2
   Conjure Flame                      Conjuration/Fire             3
   Mephitic Cloud                     Conjuration/Poison/Air       3


   Skills:
 * Level 23 Fighting
 + Level 22 Long Blades
 - Level 15 Axes
 - Level 5 Slings
 + Level 13 Armour
 - Level 1 Dodging
 - Level 1 Stealth
 - Level 2 Stabbing
 + Level 21 Shields
 + Level 3 Traps & Doors
 - Level 5 Unarmed Combat
 - Level 1 Spellcasting
 + Level 5 Evocations


You had 21 spell levels left.
You didn't know any spells.

Dungeon Overview and Level Annotations

Branches:
Dungeon (17/27)            Temple (1/1) D:5             Orc (4/4) D:10
    Elf (5/5) Orc:4          Lair (8/8) D:9           Swamp (5/5) Lair:3
 Shoals (0/5) Lair:5        Slime (0/6) Lair:8         Hive (2/2) D:12
  Vault (8/8) D:17          Blade (0/1) Vault:4       Crypt (0/5) Vault:3

Altars:
Ashenzari
Cheibriados
Elyvilon
Fedhas
Kikubaaqudgha
Makhleb
Nemelex Xobeh
Okawaru
Sif Muna
The Shining One
Trog
Vehumet
Xom
Yredelemnul
Zin
Beogh

Shops:
D:9: ? D:10: %[( D:11: ? D:13: * D:15: ![[** Orc:4: !+*= Elf:2: / Elf:3: ( Elf:4: + Vault:1: [ Vault:3: ? Vault:5: !*! Vault:6: !!( Vault:7: * Vault:8: /[(+

Portals:
Hell: Lair:8
Trove: Vault:7 (give 6 potions of speed)

Annotations
Swamp:2 exclusion: ice statue


Innate Abilities, Weirdness & Mutations

You have a pair of horns on your head.
You are partially covered in colourless scales (AC +1).
You are agile (Dex +2).
You can breathe flames.
Armour fits poorly on your unusually shaped body.
You have a slow metabolism.
You are weak (Str -1).


Message History

Press: ? - help, Shift-Dir - straight line The bolt of fire hits the deep elf master archer.
You kill the deep elf master archer!
Okawaru accepts your kill.
The bolt of fire hits the deep elf annihilator.
The deep elf annihilator is moderately wounded.
The bolt of fire hits the deep elf knight.
You kill the deep elf knight!
Okawaru accepts your kill.
You block the deep elf annihilator's attack.
Evoke which item? (* to show all) (? for menu, Esc to quit)
Zapping:
r - a wand of fire {zapped: 3}
Press: ? - help, Shift-Dir - straight line, f - deep elf annihilator
Aim: A deep elf annihilator, wielding a runed elven long sword (moderately wounded)
The bolt of fire hits the deep elf annihilator.
The deep elf annihilator is severely wounded.
The deep elf annihilator hits you but does no damage.
The deep elf annihilator gestures at you while chanting.
The crystal spear hits you!
You die...

... ... ... #)#
#=# #.# #e# #)#
#H# #e#
################.#
.................#
.#.############.##
.#.# #.# .#.# #.#
##### .#.# #.#
#...# .#.# #.#
#####...#


You could see 2 deep elf annihilators.

Vanquished Creatures
  An ancient lich (Vault:8)
  Norris (Elf:3)
  Margery (Vault:4)
  3 golden dragons (Vault:8)
  Frederick (Vault:5)
  A lich (Abyss)
  3 titans
  2 deep elf blademasters (Elf:5)
  A storm dragon (Vault:8)
  12 shadow dragons (Vault:8)
  A sphinx (Vault:5)
  Agnes (D:16)
  Roxanne (Elf:1)
  A draconian knight (Abyss)
  2 frost giants
  Donald (Orc:3)
  An orc warlord (Orc:3)
  A Balrug (Abyss)
  Wiglaf (Vault:1)
  Louise (Orc:4)
  A draconian scorcher (Abyss)
  Gastronok (Orc:3)
  A stone giant (shapeshifter) (Vault:8)
  3 tentacled monstrosities (Vault:8)
  An Angel (Orc:4)
  26 stone giants
  3 fire giants (Vault:8)
  An ophan (D:17)
  A deep elf annihilator (Elf:1)
  Jozef (Orc:3)
  2 shedu (D:17)
  A dire elephant (Lair:8)
  2 deep elf master archers (Elf:5)
  Snorg (Elf:3)
  2 dragons
  An ettin (Vault:8)
  24 vault guards (Vault:7)
  A minotaur (Lab)
  A storm dragon zombie (Abyss)
  24 yaktaur captains
  A dragon (shapeshifter) (Vault:8)
  2 great orbs of eyes
  A great orb of eyes (shapeshifter) (Vault:8)
  A siren (shapeshifter) (Vault:8)
  2 storm dragon skeletons
  An ice dragon (Vault:3)
  A wizard (Lair:8)
  Erica (Orc:2)
  Harold (Lair:1)
  3 alligators
  2 deep elf demonologists
  13 hydras
  Nessos (D:14)
  10 ogre magi
  A dancing weapon (Abyss)
  An anaconda (shapeshifter) (Vault:8)
  A sphinx zombie (Vault:2)
  Nergalle (Elf:3)
  2 stone giant zombies
  9 deep trolls
  2 very ugly things
  A deep troll (shapeshifter) (Vault:8)
  A sphinx skeleton (Vault:2)
  4 catoblepae
  A fire giant skeleton (Vault:7)
  A frost giant skeleton (Vault:7)
  7 stone giant skeletons
  15 centaur warriors
  A sun demon (Lair:8)
  5 hell knights (Vault:4)
  9 skeletal warriors (Abyss)
  3 iron trolls
  19 deep elf knights
  2 unseen horrors
  Erolcha (D:12)
  A giant orange brain (Abyss)
  11 orc knights
  An ice devil (Abyss)
  2 flayed ghosts
  4 orc sorcerers
  2 necromancers
  Pikel (D:7)
  A lindwurm (Lair:5)
  A white draconian skeleton (Abyss)
  5 red wasps
  A yellow draconian skeleton (Abyss)
  8 hill giants
  A death yak skeleton (Abyss)
  7 cyclopes
  A guardian serpent (shapeshifter) (Vault:8)
  Urug (D:11)
  3 giant amoebae
  2 iron troll skeletons
  6 harpies
  2 giant orange brains (shapeshifter) (Vault:8)
  A phantasmal warrior (Vault:8)
  2 sixfirhies (Abyss)
  A harpy skeleton (Vault:2)
  5 griffons
  2 siren skeletons (Abyss)
  A red wasp zombie (Vault:2)
  2 weapon mimics
  A fire crab (Vault:3)
  8 elephants
  2 elephant slugs (Lair:8)
  A trapdoor spider (D:16)
  5 black mambas
  A reaper (Abyss)
  56 slime creatures
  A spiny worm zombie (D:16)
  A wolf spider (D:15)
  10 spiny frogs
  2 ettin skeletons (Vault:5)
  5 elf zombies
  A tormentor (Abyss)
  An ice dragon skeleton (Abyss)
  An alligator skeleton (Abyss)
  6 large large abominations (Abyss)
  8 orange demons
  11 rock trolls
  Psyche (D:10)
  16 hellwings
  A hill giant zombie (D:12)
  51 ugly things
  10 smoke demons
  A hill giant skeleton (Vault:6)
  17 yaktaurs
  An efreet (Abyss)
  Sonja (Orc:2)
  2 komodo dragons
  A troll (shapeshifter) (Vault:8)
  15 trolls
  A wandering mushroom (Lair:7)
  A rock troll zombie (Vault:1)
  3 queen bees
  A redback (shapeshifter) (Vault:3)
  3 bog mummies
  5 rock troll skeletons
  2 grizzly bears
  21 two-headed ogres
  A human (shapeshifter) (Vault:8)
  4 basilisks
  5 baby alligators
  A blue devil (Abyss)
  A blink frog zombie (D:16)
  16 blink frogs
  4 wyverns
  A hog (shapeshifter) (Vault:4)
  A spiny worm simulacrum (Vault:1)
  2 shadow demons (Abyss)
  81 yaks
  7 wraiths
  8 deep elf conjurers
  7 deep elf summoners
  6 hippogriffs
  Grum (D:9)
  2 sharks (Lair:5)
  A hog (Elf:5)
  3 fire drakes
  2 vampires (Vault:2)
  8 neqoxecs
  9 ynoxinuls
  21 deep elf fighters
  A merfolk (shapeshifter) (Vault:8)
  5 war dogs
  4 hungry ghosts
  3 manticores
  52 vampire mosquitoes
  3 rock worms
  Edmund (D:6)
  2 yaktaur zombies
  A cyclops zombie (D:16)
  12 necrophages
  2 soldier ants
  5 freezing wraiths
  6 deep elf priests
  11 insubstantial wisps
  25 swamp worms
  5 giant goldfish
  34 orc warriors
  2 ice beasts
  53 ogres
  A manticore skeleton (Abyss)
  A phantom (Abyss)
  2 hell beasts
  14 crocodiles
  4 sky beasts
  A sky beast (shapeshifter) (Vault:8)
  36 centaurs
  9 swamp drakes
  2 boring beetles
  4 red devils
  A boring beetle (shapeshifter) (Vault:8)
  2 rotting devils
  2 wargs
  Duvessa (D:6)
  A brain worm (D:15)
  20 big kobolds
  6 small abominations (Abyss)
  A wolf (Lair:5)
  20 giant frogs
  3 giant slugs
  14 water moccasins
  14 deep elf magi
  5 giant leeches
  2 soldier ant zombies
  6 agate snails
  A basilisk skeleton (D:13)
  An eye of draining (D:15)
  6 wights
  2 killer bee zombies (D:17)
  A fire bat (Abyss)
  9 jellyfish
  141 killer bees
  3 boulder beetles
  4 goliath beetles
  A big kobold zombie (D:7)
  17 electric eels
  8 imps
  A soldier ant simulacrum (D:17)
  Dowan (D:6)
  A scorpion (D:7)
  19 orc priests
  A hound (shapeshifter) (Vault:8)
  12 hounds
  7 big fish
  17 orc wizards
  4 worker ants
  19 deep elf soldiers
  7 iguanas
  6 iron imps
  5 orange rats (Elf:4)
  13 porcupines
  26 sheep
  Jessica (D:2)
  18 jellies
  2 boggarts (Vault:1)
  53 green rats
  8 lemures
  14 midges (Abyss)
  6 giant centipedes
  A gnoll (shapeshifter) (Vault:8)
  22 snakes
  2 snake skeletons
  17 white imps
  8 worms
  An iguana skeleton (D:7)
  7 shadow imps
  64 ufetubi
  3 giant eyeballs
  13 grey rats
  8 giant geckos
  2 oozes
  2 orcs (shapeshifter) (Vault:8)
  114 orcs
  15 goblins
  22 hobgoblins
  13 jackals
  47 kobolds
  9 quokkas
  2 small snakes
  54 bats
  9 giant cockroaches
  A giant gecko (shapeshifter) (Vault:8)
  6 giant newts
  A giant spore (D:14)
  A hobgoblin zombie (D:5)
  61 killer bee larvae
  A kobold skeleton (D:4)
  2 orc skeletons
  21 orc zombies
  A quokka (shapeshifter) (D:13)
  A quokka zombie (D:11)
  32 rats
  2 rat skeletons (D:5)
  7 ballistomycetes
  A butterfly (Swamp:2)
  4 fungi
  A plant (Lair:3)
  16 toadstools
2232 creatures vanquished.

Vanquished Creatures (collateral kills)
  A slime creature (Vault:1)
  A small abomination (Abyss)
  An imp (D:12)
  A boggart (Vault:1)
  2 white imps (Abyss)
  2 ufetubi (Abyss)
8 creatures vanquished.

Vanquished Creatures (others)
  A stone giant (Vault:8)
  A large large abomination (Abyss)
  33 slime creatures
  A yaktaur (Vault:8)
  A troll (Orc:4)
  3 yaks (Vault:2)
  A deep elf conjurer (Elf:5)
  2 ogres (Orc:4)
  A deep elf mage (Elf:2)
  A small abomination (Vault:1)
  43 shadows (Abyss)
  An orc wizard (Vault:4)
  A lemure (Abyss)
  A midge (Abyss)
  A worm (D:9)
  3 ufetubi (Abyss)
  2 grey rats
  7 orcs
  2 bats
  A goblin (Orc:4)
  2 quokkas
  A giant spore (D:10)
  A jackal (D:4)
  5 rats
  A butterfly (Abyss)
  6 fungi
  5 plants
  25 toadstools
153 creatures vanquished.

Grand Total: 2393 creatures vanquished

Notes
Turn   | Place    | Note
--------------------------------------------------------------
     0 | D:1      | escape, the Minotaur Fighter, began the quest for the Orb.
     0 | D:1      | Reached XP level 1. HP: 19/19 MP: 0/0
    89 | D:2      | You fall through a shaft!
    99 | D:3      | Reached XP level 2. HP: 15/27 MP: 0/0
   254 | D:4      | Reached XP level 3. HP: 2/33 MP: 1/1
   624 | D:5      | Entered Level 5 of the Dungeon
   733 | D:5      | Reached skill level 1 in Dodging
   733 | D:5      | Reached XP level 4. HP: 40/40 MP: 1/1
   733 | D:5      | Reached XP level 5. HP: 46/46 MP: 1/1
   758 | D:5      | Reached skill level 5 in Armour
   795 | D:5      | Found a radiant altar of Vehumet.
   858 | D:6      | Found a blossoming altar of Fedhas.
  1041 | D:7      | Reached XP level 6. HP: 44/53 MP: 2/2
  1114 | D:6      | Noticed Edmund
  1136 | D:6      | Found a glowing golden altar of the Shining One.
  1181 | D:7      | Reached skill level 5 in Shields
  1387 | D:7      | Reached skill level 5 in Fighting
  1449 | D:7      | Reached skill level 1 in Evocations
  1504 | D:7      | Reached skill level 1 in Unarmed Combat
  1656 | D:6      | Found an iron altar of Okawaru.
  1659 | D:6      | Became a worshipper of Warmaster Okawaru
  2284 | D:1      | Acquired Okawaru's first power
  2284 | D:1      | Reached XP level 7. HP: 56/60 MP: 2/2
  2499 | D:2      | Noticed Jessica
  2529 | D:2      | Defeated Jessica
  2849 | D:2      | Found a burning altar of Makhleb.
  3241 | D:3      | Found a shimmering altar of Xom.
  3291 | D:3      | Reached skill level 6 in Armour
  3425 | D:3      | Reached skill level 1 in Stealth
  4046 | D:4      | Found a basalt altar of Yredelemnul.
  4085 | D:4      | Paralysed by a giant eyeball for 3 turns
  4213 | D:4      | Found an ancient bone altar of Kikubaaqudgha.
  4865 | D:5      | Reached XP level 8. HP: 65/68 MP: 2/2
  4999 | D:5      | Found a staircase to the Ecumenical Temple.
  5025 | Temple   | Entered the Ecumenical Temple
  5325 | D:6      | Defeated Edmund
  5541 | D:6      | Noticed Duvessa
  5542 | D:6      | Noticed Dowan
  5559 | D:6      | Defeated Duvessa
  5559 | D:6      | Reached skill level 1 in Stabbing
  5559 | D:6      | Reached skill level 1 in Spellcasting
  5578 | D:6      | Defeated Dowan
  5771 | D:7      | Noticed Pikel
  5791 | D:7      | Paralysed by a giant eyeball for 3 turns
  5796 | D:7      | Paralysed by a giant eyeball for 4 turns
  5803 | D:7      | Paralysed by a giant eyeball for 3 turns
  5807 | D:7      | Defeated Pikel
  5807 | D:7      | Reached skill level 5 in Axes
  5807 | D:7      | Reached skill level 7 in Shields
  5807 | D:7      | Reached skill level 1 in Traps & Doors
  5811 | D:7      | Paralysed by a giant eyeball for 4 turns
  5987 | D:7      | Reached XP level 9. HP: 58/74 MP: 5/5
  6101 | D:8      | Found a shattered altar of Ashenzari.
  6118 | D:8      | Got a sparkling book
  6120 | D:8      | Identified Ashenzari's Incunabulum of Skeletal Cooking (You found it on level 8 of the Dungeon)
  6121 | D:8      | Noticed a mottled dragon
  6444 | D:8      | Got an encrusted whip
  6728 | D:9      | Reached skill level 1 in Slings
  6728 | D:9      | Reached skill level 8 in Shields
  6760 | D:9      | HP: 3/74 [orc/glowing orcish trident (3)]
  6769 | D:9      | Found Yhuex's Magic Scroll Shoppe.
  7054 | D:9      | Bought a scroll of identify for 20 gold pieces
  7054 | D:9      | Bought a scroll of identify for 20 gold pieces
  7054 | D:9      | Bought a scroll of identify for 20 gold pieces
  7054 | D:9      | Bought a scroll of identify for 20 gold pieces
  7054 | D:9      | Bought a scroll of enchant weapon I for 55 gold pieces
  7054 | D:9      | Bought a scroll of blinking for 55 gold pieces
  7304 | D:9      | Found a deep blue altar of Sif Muna.
  7357 | D:9      | Noticed Grum
  7529 | D:10     | Entered Level 10 of the Dungeon
  7542 | D:10     | Acquired Okawaru's second power
  7549 | D:9      | Defeated Grum
  7601 | D:9      | Found a staircase to the Lair.
  7656 | D:9      | Reached skill level 9 in Shields
  7846 | D:10     | Found Sucasic's Armour Emporium.
  7886 | D:10     | Reached XP level 10. HP: 83/83 MP: 5/5
  8077 | D:10     | Received a gift from Okawaru
  8084 | D:10     | Got a pair of ichor-stained gloves {god gift}
  8091 | D:10     | Identified the -5 pair of gloves of Feasting {god gift} (Okawaru gifted it to you on level 10 of the Dungeon)
  8095 | D:10     | Found Phuvuzahu's Food Emporium.
  8241 | D:10     | You fall through a shaft!
  8246 | D:12     | Found a labyrinth entrance.
  8257 | Lab      | Entered a Labyrinth
  8531 | Lab      | Reached skill level 10 in Shields
  8538 | Lab      | Got a blue mask
  8538 | Lab      | Got a jewelled bronze crown
  8541 | Lab      | Identified the +3 crown of Dyrovepreva (You found it in a Labyrinth)
  9111 | D:10     | Found a staircase to the Orcish Mines.
  9111 | D:10     | Found a roughly hewn altar of Beogh.
  9169 | D:10     | Reached skill level 1 in Long Blades
  9195 | D:10     | Noticed Psyche
  9208 | D:10     | Defeated Psyche
  9208 | D:10     | Reached skill level 11 in Shields
  9229 | D:10     | Found Pheuqapp's Weapon Shoppe.
  9568 | D:11     | Noticed Urug
  9589 | D:11     | Defeated Urug
  9774 | D:11     | Found Thecs' Magic Scroll Shoppe.
  9784 | D:11     | Bought a scroll of identify for 22 gold pieces
  9784 | D:11     | Bought a scroll of identify for 22 gold pieces
  9784 | D:11     | Bought a scroll of identify for 22 gold pieces
  9814 | D:11     | Bought a scroll of fear for 38 gold pieces
  9856 | D:12     | Found a staircase to the Hive.
  9856 | D:12     | Noticed a queen bee
 10324 | D:12     | Reached XP level 11. HP: 81/93 MP: 5/5
 10377 | D:12     | Reached skill level 10 in Fighting
 10579 | D:12     | Defeated a queen bee
 10610 | D:12     | Found an iron altar of Okawaru.
 10682 | D:12     | Reached skill level 12 in Shields
 11186 | D:12     | Noticed Erolcha
 11210 | D:12     | Defeated Erolcha
 11785 | D:13     | Found Clolihag's Assorted Antiques.
 11836 | D:13     | Bought a scroll of identify for 56 gold pieces
 11836 | D:13     | Bought a scroll of identify for 56 gold pieces
 11934 | D:13     | Reached skill level 10 in Axes
 12286 | D:13     | Reached skill level 13 in Shields
 12293 | D:13     | Received a gift from Okawaru
 12801 | D:14     | Got a smoking brass ring
 12939 | D:14     | Noticed Nessos
 12951 | D:14     | Defeated Nessos
 13040 | D:14     | Identified the ring "Freciwn" (You found it on level 14 of the Dungeon)
 13100 | D:14     | Reached XP level 12. HP: 53/104 MP: 7/7
 13259 | D:14     | You fall through a shaft!
 13259 | D:15     | Entered Level 15 of the Dungeon
 13270 | D:15     | Found Jioshipoo's Assorted Antiques.
 13271 | D:15     | Found Mafagatt's Antique Armour Shop.
 13312 | D:15     | Bought a pair of glowing boots for 49 gold pieces
 13732 | D:15     | Found Twuric's Antique Armour Emporium.
 13983 | D:15     | Reached skill level 5 in Unarmed Combat
 14012 | D:15     | Found Poetib's Distillery.
 14030 | D:15     | Gained mutation: You are agile (Dex +1).
 14036 | D:15     | Bought a potion of heal wounds for 57 gold pieces
 14036 | D:15     | Bought a potion of heal wounds for 57 gold pieces
 14208 | D:15     | Found Badghutuo's General Store.
 14238 | D:15     | Bought a scroll of identify for 20 gold pieces
 14239 | D:15     | Bought a scroll of teleportation for 30 gold pieces
 14624 | D:16     | Reached skill level 14 in Shields
 14916 | D:16     | Reached skill level 10 in Armour
 15726 | D:16     | Noticed Agnes
 15745 | D:16     | Reached XP level 13. HP: 54/115 MP: 7/7
 15746 | D:16     | Defeated Agnes
 16035 | Lair:1   | Entered Level 1 of the Lair of Beasts
 16153 | Lair:1   | Received a gift from Okawaru
 16847 | Lair:2   | Reached skill level 15 in Shields
 16968 | Lair:2   | Reached skill level 5 in Slings
 17304 | Lair:1   | Noticed Harold
 17323 | Lair:1   | Defeated Harold
 17796 | Lair:3   | Reached skill level 15 in Fighting
 18312 | Lair:3   | Found a staircase to the Swamp.
 19097 | Lair:4   | Received a gift from Okawaru
 19377 | Lair:5   | Got an ancient plate mail
 19401 | Lair:5   | Identified the cursed +4 plate mail of Plasticity (You found it on level 5 of the Lair of Beasts)
 19681 | Lair:5   | Found a staircase to the Shoals.
 19784 | Lair:5   | Identified 2 scrolls of acquirement
 19789 | Lair:5   | Got a flickering crystal amulet
 19789 | Lair:5   | Got an ancient steel ring
 20291 | Lair:6   | Reached skill level 16 in Shields
 20328 | Lair:6   | Reached XP level 14. HP: 127/127 MP: 7/7
 21090 | Lair:7   | Noticed a wandering mushroom
 21128 | Lair:7   | Defeated a wandering mushroom
 21227 | Lair:7   | Identified the amulet "Chumieri" (You acquired it on level 5 of the Lair of Beasts)
 21251 | Lair:7   | Found a white marble altar of Elyvilon.
 21599 | Lair:7   | Received a gift from Okawaru
 21890 | Lair:8   | Entered Level 8 of the Lair of Beasts
 22132 | Lair:8   | Gained mutation: You are agile (Dex +2).
 22948 | Lair:8   | Paralysed by a crazed wizard for 2 turns
 22966 | Lair:8   | Found a burning altar of Makhleb.
 22993 | Lair:8   | Reached skill level 15 in Axes
 23369 | Lair:8   | Paralysed by a crazed wizard for 4 turns
 23468 | Lair:8   | Found a staircase to the Slime Pits.
 23513 | Lair:8   | Received a gift from Okawaru
 23517 | Lair:8   | Reached skill level 17 in Shields
 23544 | Lair:8   | Got a crude platinum ring
 24089 | Lair:8   | Reached skill level 5 in Long Blades
 24221 | Lair:8   | Found a gateway to Hell.
 24685 | Hive:1   | Entered Level 1 of the Hive
 24785 | Hive:1   | Received a gift from Okawaru
 25049 | Hive:2   | Entered Level 2 of the Hive
 25139 | Hive:2   | Identified the ring of Fun (You acquired it on level 5 of the Lair of Beasts)
 25150 | Hive:2   | Identified the ring "Immiy" (You found it on level 8 of the Lair of Beasts)
 25562 | Hive:2   | Got a brightly glowing gold dragon armour
 25616 | Hive:2   | Identified the cursed -3 gold dragon armour of Disaster (You found it on level 2 of the Hive)
 25959 | Hive:2   | Reached XP level 15. HP: 129/137 MP: 8/8
 26018 | Hive:2   | Received a gift from Okawaru
 26649 | Orc:1    | Entered Level 1 of the Orcish Mines
 26793 | Orc:2    | Noticed Sonja
 26798 | Orc:2    | Defeated Sonja
 26879 | Orc:2    | Noticed Erica
 26892 | Orc:2    | Defeated Erica
 26947 | Orc:3    | Noticed Gastronok
 26982 | Orc:3    | Defeated Gastronok
 27009 | Orc:3    | Noticed an orc warlord
 27022 | Orc:3    | Defeated an orc warlord
 27042 | Orc:3    | Found a dark tunnel.
 27140 | Volcano  | Entered a volcano
 27183 | Volcano  | Found a burning altar of Makhleb.
 27250 | Orc:3    | Noticed Donald
 27262 | Orc:3    | Defeated Donald
 27328 | Orc:3    | Noticed Jozef
 27338 | Orc:3    | Defeated Jozef
 27338 | Orc:3    | Reached skill level 10 in Long Blades
 27516 | Orc:4    | Entered Level 4 of the Orcish Mines
 27586 | Orc:4    | Noticed a two-headed ogre
 27587 | Orc:4    | Found Hijej's Jewellery Emporium.
 27587 | Orc:4    | Noticed a stone giant
 27588 | Orc:4    | Noticed a two-headed ogre
 27589 | Orc:4    | Noticed an ogre mage
 27589 | Orc:4    | Noticed a two-headed ogre
 27591 | Orc:4    | Noticed a two-headed ogre
 27592 | Orc:4    | Noticed a two-headed ogre
 27592 | Orc:4    | Noticed a two-headed ogre
 27592 | Orc:4    | Defeated a two-headed ogre
 27593 | Orc:4    | Noticed a rock troll
 27595 | Orc:4    | Noticed an iron troll
 27598 | Orc:4    | You are cast into the Abyss!
 27598 | Orc:4    | Cast into the Abyss (ogre mage)
 27598 | Abyss    | Entered The Abyss
 27669 | Abyss    | Received a gift from Okawaru
 27670 | Abyss    | Got an ancient falchion {god gift}
 27701 | Abyss    | Identified the falchion of the Spider {god gift, freeze, rN+ Str-1 Dex+1} (Okawaru gifted it to you in the Abyss)
 27830 | Abyss    | Noticed a reaper
 27838 | Abyss    | Defeated a reaper
 27843 | Abyss    | Gained mutation: Your magical capacity is low (-10% MP).
 27846 | Abyss    | Gained mutation: You are dopey (Int -1).
 27953 | Abyss    | Noticed a tormentor
 27964 | Abyss    | Defeated a tormentor
 27986 | Abyss    | Noticed a vampire
 28077 | Abyss    | Noticed a stone golem
 28101 | Abyss    | Found a corrupted altar of Lugonu.
 28142 | Abyss    | Gained mutation: Your vision is a little blurry.
 28160 | Abyss    | Noticed a catoblepas simulacrum
 28176 | Abyss    | Noticed a soul eater
 28365 | Abyss    | Noticed a vampire
 28477 | Abyss    | Found a corrupted altar of Lugonu.
 28477 | Abyss    | Found a corrupted altar of Lugonu.
 28489 | Abyss    | Found a radiant altar of Vehumet.
 28789 | Abyss    | Noticed a red devil
 28966 | Orc:4    | You pass through the gate.
 28990 | Orc:4    | Defeated a two-headed ogre
 28996 | Orc:4    | Defeated a two-headed ogre
 29092 | Orc:4    | Found Osusup's General Store.
 29110 | Orc:4    | Defeated a two-headed ogre
 29120 | Orc:4    | Found Ruunto Twek's Distillery.
 29121 | Orc:4    | Noticed a cyclops
 29136 | Orc:4    | Defeated a cyclops
 29152 | Orc:4    | Defeated an ogre mage
 29157 | Orc:4    | Noticed an ogre mage
 29163 | Orc:4    | Defeated a two-headed ogre
 29194 | Orc:4    | Defeated a two-headed ogre
 29233 | Orc:4    | Bought a potion of speed for 82 gold pieces
 29233 | Orc:4    | Bought a potion of speed for 82 gold pieces
 29242 | Orc:4    | Found Frampuah's Book Shop.
 29285 | Orc:4    | Defeated a stone giant
 29285 | Orc:4    | Received a gift from Okawaru
 29294 | Orc:4    | Defeated an ogre mage
 29347 | Orc:4    | Defeated an iron troll
 29663 | Orc:4    | Defeated a rock troll
 29765 | Orc:4    | Bought a potion of mutation for 45 gold pieces
 29882 | Orc:4    | Found a staircase to the Elven Halls.
 29921 | Orc:4    | Noticed Louise
 29963 | Orc:4    | You are cast into the Abyss!
 29963 | Orc:4    | Cast into the Abyss (Louise)
 30117 | Abyss    | Found an iron altar of Okawaru.
 30147 | Abyss    | Got a twisted leather armour
 30188 | Abyss    | Noticed an Angel
 30188 | Abyss    | Gained mutation: Your vision is quite blurry.
 30314 | Abyss    | Found a corrupted altar of Lugonu.
 30321 | Abyss    | Noticed an air elemental
 30379 | Abyss    | Noticed a vampire
 30457 | Abyss    | Noticed an iron devil
 30489 | Abyss    | Found a corrupted altar of Lugonu.
 30490 | Abyss    | Noticed an Angel
 30567 | Abyss    | Noticed a naga warrior
 30567 | Abyss    | Noticed an ice beast
 30590 | Abyss    | Got a dazzling plate mail
 30806 | Abyss    | Noticed a hell knight
 30809 | Abyss    | Noticed a necromancer
 30822 | Abyss    | Noticed a necromancer
 30936 | Abyss    | Noticed a white draconian
 30956 | Abyss    | Noticed an Angel
 30981 | Abyss    | Noticed a Daeva
 31015 | Abyss    | Noticed a deep dwarf
 31015 | Abyss    | Noticed a deep dwarf scion
 31026 | Abyss    | Noticed a deep dwarf
 31165 | Abyss    | Noticed an earth elemental
 31183 | Abyss    | Found a corrupted altar of Lugonu.
 31245 | Abyss    | Noticed a purple ugly thing
 31246 | Abyss    | Noticed a purple ugly thing
 31246 | Abyss    | Noticed a purple ugly thing
 31247 | Abyss    | Noticed a purple ugly thing
 31325 | Orc:4    | You pass through the gate.
 31339 | Orc:4    | Defeated an Angel
 31396 | Orc:4    | Defeated Louise
 31549 | Orc:4    | Identified the +10 plate mail of Leaves (You found it in the Abyss)
 31585 | Orc:4    | Identified the cursed -4 leather armour of the Three Deaths (You found it in the Abyss)
 31701 | Lair:1   | Gained mutation: You are weak (Str -1).
 31701 | Lair:1   | Gained mutation: You are partially covered in colourless scales (AC +1).
 31703 | Lair:1   | Lost mutation: You are weak (Str -1).
 31703 | Lair:1   | Lost mutation: You are dopey (Int -1).
 31703 | Lair:1   | Gained mutation: You can breathe flames.
 31704 | Lair:1   | Gained mutation: Your mind is acute (Int +1).
 31706 | Lair:1   | Lost mutation: Your mind is acute (Int +1).
 31706 | Lair:1   | Lost mutation: Your vision is quite blurry.
 31706 | Lair:1   | Lost mutation: Your magical capacity is low (-10% MP).
 31706 | Lair:1   | Lost mutation: Your vision is a little blurry.
 31706 | Lair:1   | Lost mutation: You are agile (Dex +2).
 31816 | Swamp:1  | Entered Level 1 of the Swamp
 32776 | Swamp:2  | Reached skill level 15 in Long Blades
 32780 | Swamp:2  | Reached skill level 5 in Evocations
 33243 | Swamp:2  | Received a gift from Okawaru
 33253 | Swamp:2  | Identified a +2 pair of elven boots of running {god gift} (Okawaru gifted it to you on level 2 of the Swamp)
 33531 | Swamp:3  | Reached XP level 16. HP: 146/146 MP: 9/9
 34083 | Swamp:3  | Paralysed by a red wasp for 3 turns
 35574 | Swamp:5  | Entered Level 5 of the Swamp
 36367 | Swamp:2  | Received a gift from Okawaru
 36905 | D:17     | Got a transparent iron ring
 36917 | D:17     | Identified the ring "Xycwa" (You found it on level 17 of the Dungeon)
 37407 | D:17     | Found a glowing golden altar of the Shining One.
 37407 | D:17     | Found a white marble altar of Elyvilon.
 37408 | D:17     | Found a glowing silver altar of Zin.
 37632 | D:17     | Paralysed by an orc sorcerer for 4 turns
 37882 | D:17     | Found a staircase to the Vaults.
 37953 | Vault:1  | Entered Level 1 of the Vaults
 37955 | Vault:1  | Noticed Wiglaf
 37983 | Vault:1  | Defeated Wiglaf
 38109 | Vault:1  | Found Klaom's Armour Shop.
 38455 | Vault:1  | You are cast into the Abyss!
 38455 | Vault:1  | Cast into the Abyss (ogre mage)
 38455 | Abyss    | Found a corrupted altar of Lugonu.
 38476 | Abyss    | Received a gift from Okawaru
 38510 | Abyss    | Noticed a clay golem
 38557 | Abyss    | Noticed a phantom
 38561 | Abyss    | Defeated a phantom
 38638 | Abyss    | Reached XP level 17. HP: 156/156 MP: 9/9
 38926 | Abyss    | Noticed a grey draconian knight
 38929 | Abyss    | Reached XP level 16. HP: 202/222 MP: 8/9
 38937 | Abyss    | Defeated a grey draconian knight
 38961 | Abyss    | Noticed a yellow draconian scorcher
 39002 | Abyss    | Defeated a yellow draconian scorcher
 39002 | Abyss    | Reached skill level 18 in Long Blades
 39055 | Abyss    | Reached XP level 17. HP: 71/158 MP: 9/9
 39403 | Abyss    | Noticed a long sword
 39410 | Abyss    | Defeated a long sword
 39449 | Vault:1  | You pass through the gate.
 39741 | Vault:1  | Received a gift from Okawaru
 40141 | Vault:2  | Gained mutation: You are agile (Dex +2).
 40838 | Vault:2  | You fall through a shaft!
 40982 | Vault:3  | Found Phabeah's Magic Scroll Shoppe.
 40991 | Vault:3  | Bought a scroll of enchant weapon III for 320 gold pieces
 40991 | Vault:3  | Bought a scroll of blinking for 88 gold pieces
 40991 | Vault:3  | Bought a scroll of fear for 56 gold pieces
 40991 | Vault:3  | Bought a scroll of teleportation for 48 gold pieces
 40991 | Vault:3  | Bought a scroll of fear for 56 gold pieces
 40991 | Vault:3  | Bought a scroll of identify for 32 gold pieces
 40991 | Vault:3  | Bought a scroll of enchant weapon I for 88 gold pieces
 40991 | Vault:3  | Bought a scroll of identify for 32 gold pieces
 40991 | Vault:3  | Bought a scroll of identify for 32 gold pieces
 41675 | Vault:3  | Reached skill level 19 in Fighting
 41721 | Vault:3  | Found a staircase to the Crypt.
 41721 | Vault:3  | Found a basalt altar of Yredelemnul.
 41722 | Vault:3  | Found an ancient bone altar of Kikubaaqudgha.
 41873 | Vault:4  | Noticed Margery
 41877 | Vault:4  | Reached XP level 18. HP: 169/169 MP: 10/10
 41891 | Vault:4  | Defeated Margery
 42121 | Vault:4  | Found a staircase to the Hall of Blades.
 42715 | Vault:5  | Noticed Frederick
 42746 | Vault:5  | Defeated Frederick
 42800 | Vault:5  | Got a pitted war axe
 42801 | Vault:5  | Identified the war axe of Koas {drain, rElec} (You found it on level 5 of the Vaults)
 42866 | Vault:5  | Found a magical portal.
 42902 | WizLab   | Entered Eringya's Formal Garden
 42934 | WizLab   | Received a gift from Okawaru
 43319 | Vault:5  | Found Steygequ's General Store.
 43330 | Vault:5  | Bought a scroll of magic mapping for 63 gold pieces
 43468 | Vault:5  | Paralysed by a sphinx for 3 turns
 43490 | Vault:5  | Found Mefir's Distillery.
 43495 | Vault:5  | Bought a potion of speed for 93 gold pieces
 43495 | Vault:5  | Bought a potion of healing for 34 gold pieces
 43495 | Vault:5  | Bought a potion of healing for 34 gold pieces
 43804 | Vault:5  | Received a gift from Okawaru
 44186 | Vault:5  | Found Yghaef's Distillery.
 44193 | Vault:5  | Bought a potion of healing for 26 gold pieces
 44193 | Vault:5  | Bought a potion of heal wounds for 39 gold pieces
 44435 | Vault:6  | Reached skill level 20 in Fighting
 44441 | Vault:6  | Found Waufac's Weapon Emporium.
 44451 | Vault:6  | Found Qabolo's Distillery.
 44459 | Vault:6  | Bought a potion of healing for 28 gold pieces
 44459 | Vault:6  | Bought a potion of heal wounds for 42 gold pieces
 44459 | Vault:6  | Bought a potion of healing for 28 gold pieces
 44571 | Vault:6  | Found Weyngeop's Distillery.
 44799 | Vault:6  | Received a gift from Okawaru
 44803 | Vault:6  | Reached XP level 19. HP: 168/180 MP: 10/10
 44823 | Vault:6  | Got a twisted plate mail {god gift}
 44845 | Vault:6  | Identified the +7 plate mail of Estri {god gift} (Okawaru gifted it to you on level 6 of the Vaults)
 45571 | Vault:7  | Found a portal to a secret trove of treasure.
 45657 | Vault:6  | Bought a potion of speed for 115 gold pieces
 45857 | Vault:7  | Found Kan Edaj's General Store.
 45876 | Vault:7  | Bought a scroll of teleportation for 57 gold pieces
 46609 | D:15     | Bought a potion of speed for 104 gold pieces
 46668 | D:15     | Bought a potion of speed for 55 gold pieces
 47083 | Vault:8  | Entered Level 8 of the Vaults
 47636 | Vault:7  | Reached skill level 21 in Fighting
 47640 | Vault:7  | Received a gift from Okawaru
 48090 | Vault:8  | Noticed a golden dragon
 48143 | Vault:8  | Reached XP level 20. HP: 32/192 MP: 11/11
 48967 | Vault:8  | Reached XP level 19. HP: 164/182 MP: 10/10
 49065 | Vault:8  | Defeated a golden dragon
 49065 | Vault:8  | Reached XP level 20. HP: 158/192 MP: 11/11
 49859 | Vault:8  | Noticed an ancient lich
 49909 | Vault:8  | Defeated an ancient lich
 50046 | Vault:8  | Reached skill level 22 in Fighting
 50059 | Vault:8  | Noticed a golden dragon
 50302 | Vault:8  | Received a gift from Okawaru
 50406 | Vault:8  | Defeated a golden dragon
 51021 | Vault:8  | An alligator snapping turtle changed into a quicksilver dragon
 51022 | Vault:8  | A quicksilver dragon changed into a stone giant
 51086 | Vault:8  | A merfolk changed into a guardian serpent
 51088 | Vault:8  | Defeated a guardian serpent
 51096 | Vault:8  | A snapping turtle changed into a pulsating lump
 51102 | Vault:8  | A pulsating lump changed into an emperor scorpion
 51328 | Vault:8  | Noticed a golden dragon
 51351 | Vault:8  | Defeated a golden dragon
 51377 | Vault:8  | A draconian changed into a pulsating lump
 51381 | Vault:8  | A pulsating lump changed into a giant orange brain
 51676 | Vault:8  | HP: 9/195 [fire giant/bolt of fire (34)]
 51932 | Vault:8  | Noticed a shining eye
 51932 | Vault:8  | Gained mutation: You have a slow metabolism.
 52173 | Vault:8  | Reached skill level 23 in Fighting
 52184 | Vault:8  | Reached XP level 19. HP: 196/282 MP: 10/10
 52461 | Vault:8  | Found Viraire's Antique Armour Boutique.
 52461 | Vault:8  | Found Loakaedam's Book Shop.
 52493 | Vault:8  | Got a silver rune of Zot
 52508 | Vault:8  | Found Ebbeiq's Antique Weapon Boutique.
 52521 | Vault:8  | Bought a pair of glowing gauntlets for 25 gold pieces
 52528 | Vault:8  | Found Ysein's Magical Wand Shoppe.
 52868 | Vault:8  | Got a twisted cloak
 52871 | Vault:8  | Identified the cursed -1 cloak "Bluthreuf" (You found it on level 8 of the Vaults)
 53426 | Elf:1    | Entered Level 1 of the Elven Halls
 54098 | Elf:1    | Reached XP level 20. HP: 190/198 MP: 11/11
 54353 | Elf:1    | Noticed Roxanne
 54365 | Elf:1    | Defeated Roxanne
 54367 | Elf:1    | Got a levitating book
 54369 | Elf:1    | Identified Roxanne's Almanac of the Mutagenic Rocks (You took it off Roxanne on level 1 of the Elven Halls)
 54619 | Elf:1    | Received a gift from Okawaru
 54629 | Elf:1    | Got a warped wizard hat {god gift}
 54678 | Elf:1    | Identified the +1 wizard hat of Proximity {god gift} (Okawaru gifted it to you on level 1 of the Elven Halls)
 54725 | Elf:2    | Reached XP level 19. HP: 188/188 MP: 10/10
 54800 | Elf:2    | Found Cronlau's Magical Wand Emporium.
 54830 | Elf:2    | Reached XP level 20. HP: 196/198 MP: 11/11
 54847 | Elf:2    | Reached XP level 19. HP: 187/188 MP: 10/10
 55412 | Elf:3    | Found Furuxav's Antique Weapon Shoppe.
 55420 | Elf:3    | Bought a crystal long sword for 323 gold pieces
 55421 | Elf:3    | Identified the long sword of Kismet {venom, +Rage rN+} (You bought it in a shop on level 3 of the Elven Halls)
 55577 | Elf:3    | Gained mutation: You are weak (Str -1).
 55578 | Elf:3    | Gained mutation: Armour fits poorly on your unusually shaped body.
 55645 | Elf:3    | Reached XP level 20. HP: 198/198 MP: 11/11
 55773 | Elf:3    | Noticed Snorg
 55774 | Elf:3    | Noticed Nergalle
 55779 | Elf:3    | Defeated Nergalle
 55790 | Elf:3    | Defeated Snorg
 55845 | Elf:3    | Noticed Norris
 55868 | Elf:3    | Defeated Norris
 56219 | Elf:4    | Found Shraoshrim's Book Emporium.
 56262 | Elf:4    | Received a gift from Okawaru
 56575 | Elf:5    | Entered Level 5 of the Elven Halls
 56746 | Elf:5    | Noticed a deep elf blademaster
 56749 | Elf:5    | Noticed a deep elf master archer
 56756 | Elf:5    | Noticed a deep elf master archer
 56766 | Elf:5    | Noticed a deep elf blademaster
 56780 | Elf:5    | Defeated a deep elf blademaster
 56785 | Elf:5    | Defeated a deep elf blademaster
 56795 | Elf:5    | Defeated a deep elf master archer
 56801 | Elf:5    | HP: 3/198 [deep elf master archer/arrow (18)]
 56802 | Elf:5    | HP: 1/198 [deep elf annihilator/runed elven long sword (4)]
 56803 | Elf:5    | Defeated a deep elf master archer
 56804 | Elf:5    | Killed from afar by a deep elf annihilator
